 Dungeon Crawl Stone Soup version 0.21.1-1-g345015f (webtiles) character file.

91 Jawreze the Shooter (level 4, -6/40 HPs)
             Began as a Minotaur Hunter on May 30, 2018.
             Mangled by an ogre
             ... wielding a +0 giant spiked club
              (8 damage)
             ... on level 2 of the Dungeon.
             The game lasted 00:03:08 (1677 turns).

Jawreze the Shooter (Minotaur Hunter)               Turns: 1677, Time: 00:03:09

Health: -6/40      AC:  3    Str: 18    XL:     4   Next: 34%
Magic:  3/3        EV: 12    Int:  8    God:
Gold:   43         SH:  0    Dex: 10    Spells: 3/3 levels left

rFire    . . .     SeeInvis .   a - +1 shortbow
rCold    . . .     Gourm    .   (shield currently unavailable)
rNeg     . . .     Faith    .   c - +0 leather armour
rPois    .         Spirit   .   (helmet restricted)
rElec    .         Reflect  .   (no cloak)
rCorr    .         Harm     .   (no gloves)
MR       .....                  (no boots)
Stlth    +.........             (no amulet)
HPRegen  0.13/turn              (no ring)
MPRegen  0.08/turn              (no ring)

@: no status effects
A: retaliatory headbutt, horns 2
a: no special abilities


You were on level 2 of the Dungeon.
You were not hungry.

You visited 1 branch of the dungeon, and saw 2 of its levels.

You collected 43 gold pieces.

Inventory:

Hand Weapons
 a - a +1 shortbow (weapon)
 b - a +0 long sword
Missiles
 d - 12 arrows (quivered)
Armour
 c - a +0 leather armour (worn)
Jewellery
 h - an uncursed amulet of rage {unknown}
 m - an uncursed ring of resist corrosion {unknown}
Scrolls
 e - 2 scrolls of enchant armour {unknown}
 j - 2 scrolls of identify {unknown}
 l - a scroll of fear {unknown}
Potions
 g - 2 potions of flight {unknown}
 i - 2 potions of curing {unknown}
 k - a potion of cancellation {unknown}
 n - a potion of haste {unknown}
 o - a potion of agility {unknown}
Comestibles
 f - 6 rations
 p - 2 chunks of flesh


   Skills:
 + Level 3.7 Fighting
 * Level 0.0 Long Blades
 + Level 5.8 Bows
 - Level 2.1 Dodging
 - Level 0.7 Stealth


You had 3 spell levels left.
You didn't know any spells.

Dungeon Overview and Level Annotations

Branches:
Dungeon (2/15)

Altars:


Innate Abilities, Weirdness & Mutations

You reflexively headbutt those who attack you in melee.
You have a pair of horns on your head.


Message History

* * * LOW HITPOINT WARNING * * *
Firing (i - inventory):
d - 15 arrows (quivered)
Press: ? - help, Shift-Dir - straight line, f/p - ogre
Aim: an ogre, wielding a giant spiked club (lightly wounded)
You shoot an arrow. The arrow hits the ogre!
The ogre is heavily wounded.
The ogre hits you with a giant spiked club!
* * * LOW HITPOINT WARNING * * *
Firing (i - inventory):
d - 14 arrows (quivered)
Press: ? - help, Shift-Dir - straight line, f/p - ogre
Aim: an ogre, wielding a giant spiked club (heavily wounded)
You shoot an arrow. The arrow hits the ogre.
The ogre is heavily wounded.
Firing (i - inventory):
d - 13 arrows (quivered)
Press: ? - help, Shift-Dir - straight line, f/p - ogre
Aim: an ogre, wielding a giant spiked club (heavily wounded)
You shoot an arrow. The arrow hits the ogre.
The ogre is severely wounded.
The ogre hits you with a giant spiked club!
You die...

#...##.######.#...####.........##
##.###.# ##.##.## ##.......###
#####.# ##...### ##.....## #
#.....# ##.....## ##...## #.#####
#.......# ##'## #.# #.......# #.#
#.# #.......# #.# ##.# ##......#
#####.##### ..># ##...#@#
#.........## #### #####O#
#.#......#.# .#
#h#####.##..###### .#
#...h.h.....# .# #######.###.# ##
#>h..h# # #####.# #.# #h#


You could see an ogre and a jackal.

Vanquished Creatures
  Terence (D:2)
  2 adders (D:2)
  An ooze (D:1)
  A worm (D:2)
  A dart slug (D:1)
  2 leopard geckos
  A giant cockroach (D:2)
  6 hobgoblins
  6 jackals
  5 kobolds
  2 bats
  7 frilled lizards
  2 rats
37 creatures vanquished.

Notes
Turn   | Place    | Note
-------+----------+-------------------------------------------
     0 | D:1      | Jawreze the Minotaur Hunter began the quest for the Orb.
     0 | D:1      | Reached XP level 1. HP: 18/18 MP: 0/0
   193 | D:1      | Reached XP level 2. HP: 17/25 MP: 1/1
   439 | D:1      | Reached skill level 5 in Bows
   983 | D:2      | Reached XP level 3. HP: 29/31 MP: 2/2
   998 | D:2      | Noticed an ogre
  1086 | D:2      | Noticed Terence
  1091 | D:2      | Killed Terence
  1115 | D:2      | Reached XP level 4. HP: 34/38 MP: 3/3
  1675 | D:2      | HP: 2/40 [ogre/giant spiked club (8)]
  1677 | D:2      | Mangled by an ogre

Skill      XL: |  1  2 |
---------------+-------+-----
Fighting       | 3 |  3.7
Bows           | 5 |  5.8
Dodging        | |  2.1
Stealth        | |  0.7

Action                   |  1- 3 |  4- 6 || total
-------------------------+-------+-------++-------
Melee: Short sword       |    41 |       ||    41
       Headbutt          |     2 |     4 ||     6
       Long sword        |       |     8 ||     8
 Fire: Shortbow          |    16 |    18 ||    34
 Stab: Sleeping          |       |     1 ||     1
  Eat: Chunk             |       |     2 ||     2
Armor: Leather armour    |    11 |     2 ||    13
Dodge: Dodged            |    30 |    10 ||    40
       Rpst.: Long sword |       |     2 ||     2
